 Dungeon Crawl Stone Soup version 0.22-a0-617-g6d95e9e (webtiles) character file.

2967 sking99 the Basher (level 9, -5/86 HPs)
             Began as a Naga Warper on July 13, 2018.
             Was a Believer of Cheibriados.
             Slain by Prince Ribbit (12 damage)
             ... on level 8 of the Dungeon.
             The game lasted 00:19:23 (8916 turns).

sking99 the Basher (Naga Warper)                    Turns: 8916, Time: 00:19:24

Health: -5/86      AC:  6    Str: 22    XL:     9   Next: 82%
Magic:  10/12      EV:  9    Int: 18    God:    Cheibriados [**....]
Gold:   386        SH:  0    Dex: 16    Spells: 4/12 levels left

rFire    . . .     SeeInvis +   z - +3 flail (drain)
rCold    . . .     Gourm    .   (no shield)
rNeg     . . .     Faith    .   r - +0 ring mail
rPois    +         Spirit   .   (no helmet)
rElec    .         Reflect  .   m - +0 cloak
rCorr    +         Harm     .   (no gloves)
MR       ++...                  (no barding)
Stlth    +.........             (no amulet)
HPRegen  0.24/turn              o - ring of protection from magic
MPRegen  0.13/turn              y - ring of resist corrosion

@: shrouded, very slow
A: large, see invisible, deformed body, poison resistance, slowness 2, slow
metabolism 1, spit poison 1, AC +3
a: Spit Poison, Bend Time, Renounce Religion


You were on level 8 of the Dungeon.
You worshipped Cheibriados.
Cheibriados was pleased with you.
You were not hungry.

You visited 2 branches of the dungeon, and saw 9 of its levels.

You collected 386 gold pieces.

Inventory:

Hand Weapons
 z - a +3 flail of draining (weapon)
Missiles
 e - 5 tomahawks of dispersal (quivered)
 x - 10 tomahawks
Armour
 m - a +0 cloak (worn)
 r - a +0 ring mail (worn)
Jewellery
 o - a ring of protection from magic (left hand)
 t - an uncursed ring of wizardry
 v - an uncursed ring of ice
 y - a ring of resist corrosion (right hand)
Wands
 a - a wand of polymorph (16)
 u - a wand of clouds (6)
 w - a wand of enslavement (10)
Scrolls
 b - a scroll of amnesia
 d - a scroll of blinking
 g - 3 scrolls of teleportation
 h - 4 scrolls of remove curse
 i - 4 scrolls of enchant weapon
 n - a scroll of immolation
 B - a scroll of fog {unknown}
 C - 2 scrolls of identify
Potions
 c - 2 potions of mutation
 j - 2 potions of degeneration {unknown}
 k - 3 potions of heal wounds
 l - 3 potions of haste
 p - a potion of berserk rage
 q - 3 potions of brilliance
 s - a potion of magic
 A - 2 potions of curing {unknown}
Comestibles
 f - 14 rations


   Skills:
 + Level 7.2 Fighting
 * Level 10.1 Maces & Flails
 - Level 0.8 Throwing
 - Level 0.7 Armour
 - Level 1.5 Dodging
 - Level 2.0 Spellcasting
 + Level 6.2 Translocations


You had 4 spell levels left.
You knew the following spells:

 Your Spells              Type           Power        Failure   Level  Hunger
a - Blink                 Tloc           N/A          3%          2    ###....
b - Shroud of Golubria    Chrm/Tloc      ##........   12%         2    ###....
c - Passage of Golubria   Tloc           N/A          22%         4    #####..

Your spell library contained the following spells:

 Spells                   Type           Power        Failure   Level  Hunger
 Throw Frost              Conj/Ice       #.....       41%         2    ###....
 Teleport Other           Tloc           ###.....     7%          3    ###....
 Freeze                   Ice            #...         28%         1    #......
 Summon Ice Beast         Ice/Summ       #.......     96%         4    #####..
 Ozocubu's Armour         Chrm/Ice       #.......     65%         3    ###....
 Throw Icicle             Conj/Ice       #.......     96%         4    #####..
 Gell's Gravitas          Tloc           ###.......   7%          3    ###....
 Lesser Beckoning         Tloc           ###.......   7%          3    ###....


Dungeon Overview and Level Annotations

Branches:
Dungeon (8/15)             Temple (1/1) D:6
   Lair: D:8-11

Altars:
Ashenzari
Cheibriados
Dithmenos
Elyvilon
Fedhas
Gozag
Hepliaklqana
Kikubaaqudgha
Makhleb
Nemelex Xobeh
Okawaru
Qazlal
Ru
Sif Muna
Trog
Uskayaw
Vehumet
Wu Jian
Xom
Yredelemnul
Zin
The Shining One

Shops:
D:6 ?

Annotations:
D:8 3 runed doors, Meatbag's ghost, novice DDFi; Prince Ribbit


Innate Abilities, Weirdness & Mutations

You cannot wear boots.
Your serpentine skin is tough. (AC +3)
You have supernaturally acute eyesight. (SInv)
Armour fits poorly on your strangely shaped body.
Your system is resistant to poisons. (rPois)
You cover ground very slowly.
You have a slow metabolism.
You can spit poison.


Message History

* * * LOW HITPOINT WARNING * * *
Prince Ribbit hits you!
* * * LOW HITPOINT WARNING * * *
Prince Ribbit barely misses you. x2
Unknown command.
Casting: Shroud of Golubria (safe; 12% risk of failure)
Confirm with . or Enter, or press ? or * to list all spells.
Space distorts slightly along a thin shroud covering your body.
Prince Ribbit catches a moth with his tongue.
Your shroud bends Prince Ribbit's attack away!
You closely miss Prince Ribbit.
Prince Ribbit is heavily wounded.
Prince Ribbit blinks!
Prince Ribbit barely misses you.
You closely miss Prince Ribbit.
Prince Ribbit is heavily wounded.
Prince Ribbit hits you.
* * * LOW HITPOINT WARNING * * *
Prince Ribbit hits you!
You die...

#######...........#.#
......#......ยง....#.#
......#.............#
......#########'#####
).....##..... #.#
)##.......##.##.#
(##.#'##..##.##.#
.##.......##.##.#######
..#.......##..#.@F....#
#.#.......##..#.#####.#
#.#.#.....##..##### #.#
#.#.#####.##......# #.#
..#.# #.##.####.# #.#
###. #......##.# #.#
..........#.##.###.#
###########.##.....#
########


You could see Prince Ribbit.

Vanquished Creatures
  2 hippogriffs
  Menkaure (D:5)
  4 orc warriors
  A phantom (D:4)
  A black bear (D:6)
  3 ogres
  2 big kobolds
  Blork the orc (D:4)
  2 bullfrogs
  2 scorpions
  2 howler monkeys (D:6)
  3 crimson imps
  2 jellies
  2 hounds
  5 orc priests
  9 orc wizards
  A bullfrog skeleton (D:7)
  A centaur skeleton (D:4)
  An iguana (D:4)
  8 worker ants
  A howler monkey zombie (D:7)
  13 adders
  3 shadow imps
  2 oozes
  6 worms
  5 dart slugs
  7 leopard geckos
  21 orcs
  3 giant cockroaches (D:3)
  2 gnoll zombies (D:7)
  7 goblins
  6 hobgoblins
  4 jackals (D:1)
  19 kobolds
  A quokka (D:4)
  4 ball pythons
  9 bats
  6 frilled lizards
  A jackal skeleton (D:6)
  3 leopard gecko skeletons
  A leopard gecko zombie (D:6)
  A quokka skeleton (D:4)
  9 rats
187 creatures vanquished.

Notes
Turn   | Place    | Note
-------+----------+-------------------------------------------
     0 | D:1      | sking99 the Naga Warper began the quest for the Orb.
     0 | D:1      | Reached XP level 1. HP: 19/19 MP: 3/3
    82 | D:1      | Reached XP level 2. HP: 6/26 MP: 5/5
   425 | D:1      | Learned a level 2 spell: Blink
   428 | D:1      | Learned a level 2 spell: Shroud of Golubria
   572 | D:1      | Reached skill level 3 in Maces & Flails
   572 | D:1      | Reached XP level 3. HP: 30/33 MP: 3/6
  1328 | D:2      | Reached XP level 4. HP: 36/40 MP: 7/7
  1421 | D:2      | Reached skill level 4 in Maces & Flails
  1874 | D:2      | Reached XP level 5. HP: 40/49 MP: 8/8
  2882 | D:4      | Reached skill level 5 in Maces & Flails
  2988 | D:4      | Found a blossoming altar of Fedhas.
  3013 | D:4      | Reached XP level 6. HP: 47/57 MP: 9/9
  3581 | D:4      | Noticed a phantom
  3865 | D:4      | Killed a phantom
  3865 | D:4      | Reached skill level 6 in Maces & Flails
  4159 | D:4      | Reached XP level 7. HP: 42/66 MP: 10/10
  4176 | D:4      | Noticed Blork the orc
  4290 | D:4      | Learned a level 4 spell: Passage of Golubria
  4303 | D:4      | Killed Blork the orc
  4569 | D:5      | Entered Level 5 of the Dungeon
  4569 | D:5      | Noticed Menkaure
  5201 | D:5      | Killed Menkaure
  5201 | D:5      | Reached skill level 5 in Fighting
  5201 | D:5      | Reached skill level 7 in Maces & Flails
  5508 | D:5      | Reached XP level 8. HP: 74/74 MP: 11/11
  6154 | D:6      | Found a staircase to the Ecumenical Temple.
  6164 | Temple   | Entered the Ecumenical Temple
  6406 | Temple   | Became a worshipper of Cheibriados the Contemplative
  6457 | D:6      | Found a shadowy altar of Dithmenos.
  6473 | D:6      | Reached skill level 8 in Maces & Flails
  6527 | D:6      | Reached skill level 5 in Translocations
  6532 | D:6      | Reached XP level 9. HP: 26/82 MP: 4/12
  6547 | D:6      | Reached * piety under Cheibriados
  7057 | D:6      | Found Madousm's Magic Scroll Boutique.
  7360 | D:6      | Reached skill level 9 in Maces & Flails
  7652 | D:7      | Reached ** piety under Cheibriados
  8054 | D:7      | Found a basalt altar of Yredelemnul.
  8165 | D:7      | Found a blossoming altar of Fedhas.
  8859 | D:8      | Found a runed gate.
  8859 | D:8      | Noticed Meatbag's ghost (novice DDFi)
  8860 | D:8      | Found a runed gate.
  8861 | D:8      | Found a runed gate.
  8863 | D:8      | Noticed Prince Ribbit
  8874 | D:8      | Reached skill level 10 in Maces & Flails
  8916 | D:8      | Slain by Prince Ribbit

Vault maps used:
D:1:      sevenhm_arrival_forest_fort_large_2, minmay_three_crescents
D:2:      kennysheep_decorative_pillar, minmay_vboxes
D:3:      first_ration
D:4:      minmay_misc_feat_doors, fedhas_altar_1, uniq_blork_the_orc
D:5:      uniq_menkaure
D:6:      minmay_temple_entry_statues_pillars, serial_shops, shop,
          nicolae_dithmenos_shadow_blocks
D:7:      lemuel_zombie_altar_yredelemnul, basic_altar
D:8:      david_lair_shrubbed, biasface_ghost_orc_armoury, grunt_ogre_cave,
          uniq_prince_ribbit1
Temple:   nicolae_temple_the_god_donut

Skill      XL: |  1  2  3  4  5  6  7  8  9 |
---------------+----------------------------+-----
Maces & Flails | 3 4 5 6 7 8 10 | 10.1
Fighting       | 3 4 5 6 7 |  7.2
Translocations | 5 6 |  6.2
Throwing       | |  0.8
Armour         | |  0.7
Dodging        | |  1.5
Spellcasting   | |  2.0

Action                   |  1- 3 |  4- 6 |  7- 9 || total
-------------------------+-------+-------+-------++-------
Melee: Mace              |   100 |   162 |       ||   262
       Flail             |       |    16 |   312 ||   328
 Cast: Shroud of Golubri |     5 |     3 |    15 ||    23
       Blink             |       |       |     2 ||     2
 Abil: Spit Poison       |    17 |    42 |    41 ||   100
  Use: Scroll            |       |       |    13 ||    13
       Potion            |       |       |     1 ||     1
  Eat: Chunk             |     2 |     9 |    15 ||    26
Armor: Leather armour    |    26 |    13 |       ||    39
       Ring mail         |       |    44 |    98 ||   142
Dodge: Dodged            |    59 |    85 |   135 ||   279

Table legend:
 A = Spawn XP
 B = Non-spawn XP
 C = Spawn XP percentage of total XP
 D = Spawn monster count
 E = Non-spawn monster count
 F = Spawn count percentage of total count
 G = Total turns spent on level
                    A         B        C        D         E        F      G
               +---------+---------+-------+---------+---------+-------+---------
         Total |       0 |    4239 |   0.0 |       0 |     187 |   0.0 |  8916
               +---------+---------+-------+---------+---------+-------+---------
           D:1 |       0 |      58 |   0.0 |       0 |      32 |   0.0 |  1122
           D:2 |       0 |     138 |   0.0 |       0 |      32 |   0.0 |  1207
           D:3 |       0 |      34 |   0.0 |       0 |      16 |   0.0 |   649
           D:4 |       0 |     626 |   0.0 |       0 |      23 |   0.0 |  1667
           D:5 |       0 |     581 |   0.0 |       0 |      15 |   0.0 |  1425
           D:6 |       0 |    1238 |   0.0 |       0 |      34 |   0.0 |  1121
           D:7 |       0 |     942 |   0.0 |       0 |      23 |   0.0 |  1133
           D:8 |       0 |     622 |   0.0 |       0 |      12 |   0.0 |   338
               +---------+---------+-------+---------+---------+-------+---------
